 Dungeon Crawl Stone Soup version 0.29-a0-384-g6960b1960d (webtiles) character file.

Game seed: 16664428167936195832

893 Bruhh the Magician (level 8, 0/50 HPs)
             Began as a Djinni Earth Elementalist on May 7, 2022.
             Slain by a gnoll
             ... wielding a +0 whip
             ... led by a gnoll shaman
              (1 damage)
             ... on level 5 of the Dungeon.
             The game lasted 00:06:59 (5746 turns).

Bruhh the Magician (Djinni Earth Elementalist)      Turns: 5746, Time: 00:07:01

Health: 0/50       AC:  5    Str:  7    XL:     8   Next: 27%
Gold:   148        EV: 11    Int: 21    God:
                   SH:  0    Dex: 14

rFire   + + .      SeeInvis .   m - +1 dagger (venom)
rCold   . . .      Faith    .   (no shield)
rNeg    . . .      Spirit   .   u - +2 leather armour of Qayghe {rElec rC+ MP+9}
rPois   ∞          Reflect  .   (helmet restricted)
rElec   +          Harm     .   (no cloak)
rCorr   .          Rampage  .   (no gloves)
Will    .....      Rnd*Tele +   (boots unavailable)
Stlth   +.........              (no amulet)
HPRegen 0.16/turn               (no ring)
MPRegen 0.00/turn               (no ring)

@: silenced, flying
A: sickness immunity, fire resistance 2, cold vulnerability 1, float, innate
caster, HP casting, extra vitality 1, horns 1, clever 1, teleportitis 1, subdued
magic 1
a: no special abilities


You were on level 5 of the Dungeon.
You visited 1 branch of the dungeon, and saw 5 of its levels.

You collected 148 gold pieces.

Inventory:

Hand Weapons
 m - a +1 dagger of venom (weapon)
Missiles
 a - 103 stones
 s - 2 silver boomerangs
Armour
 b - a +0 robe
 q - a +3 ring mail
 u - the +2 leather armour of Qayghe (worn) {rElec rC+ MP+9}
   (You found it on level 4 of the Dungeon)

   rC:        It protects you from cold.
   rElec:     It insulates you from electricity.
   MP:        It affects your magic capacity (+9).
Jewellery
 o - a ring of wizardry
Wands
 h - a wand of charming (7)
Scrolls
 d - 5 scrolls of teleportation {unknown}
 e - a scroll of identify {unknown}
 f - a scroll of enchant weapon {unknown}
 t - a scroll of blinking {unknown}
 x - a scroll of fear {unknown}
Potions
 c - 2 potions of curing
 g - 2 potions of attraction
 k - 3 potions of brilliance
 l - a potion of resistance {unknown}
 p - a potion of mutation
 v - a potion of flight {unknown}
 w - a potion of ambrosia {unknown}


   Skills:
 - Level 2.1 Dodging
 - Level 1.5 Stealth
 * Level 7.3 Spellcasting


You had 6 spell levels left.
You knew the following spells:

 Your Spells              Type           Power      Damage    Failure   Level
a - Sandblast             Erth           58%        2d13      1%          1
b - Passwall              Tmut/Erth      24%        N/A       1%          2
c - Stone Arrow           Conj/Erth      58%        3d10      1%          3
d - Petrify               Tmut/Erth      29%        N/A       4%          4
e - Sting                 Tmut/Pois      100%       1d8       1%          1
f - Ensorcelled Hibernat  Hex/Ice        58%        N/A       1%          2
g - Poisonous Vapours     Pois/Air       58%        N/A       1%          2
Your spell library was empty.

Dungeon Overview and Level Annotations

Branches:
Dungeon (5/15)
 Temple: D:4-7

Altars:

Shops:
D:1 =


Innate Abilities, Weirdness & Mutations

You are immune to sickness and miasma.
You are immune to poison.
Your flesh is very heat resistant. (rF++)
You are vulnerable to cold. (rC-)
You float through the air rather than walking.
You learn spells naturally, not from books.
Your magical power is your life essence.
You have superior vitality. (+4 MHP)
You have a pair of small horns on your head.
Your mind is acute. (Int +2)
You are occasionally teleported next to monsters.
Your spells are a little easier to cast, but a little less powerful.


Message History

The gnoll shaman hits you with a +0 club!
The gnoll barely misses you.
You are too injured to fight recklessly!
You are too injured to fight recklessly!
You are too injured to fight recklessly!
You are too injured to fight recklessly!
Okay, then.
The gnoll attacks as you move away! The gnoll hits you with a +0 whip.
* * * LOW HITPOINT WARNING * * *
The gnoll shaman attacks as you move away!
The gnoll shaman hits you with a +0 club.
* * * LOW HITPOINT WARNING * * *
Casting: Stone Arrow (safe; 1% risk of failure)
Confirm with . or Enter, or press ? or * to list all spells.
Aiming: Petrify (dangerous; 4% risk of failure)
Press: ? - help, Shift-Dir - straight line, f/p - gnoll shaman
Aim: a gnoll shaman, wielding a +0 club and wearing a +0 leather armour (heavily wounded, chance to affect: 59%)
The gnoll is moving more slowly.
* * * LOW HITPOINT WARNING * * *
Casting: Petrify (dangerous; 4% risk of failure)
Confirm with . or Enter, or press ? or * to list all spells.
Aiming: Ensorcelled Hibernation (safe; 1% risk of failure)
Press: ? - help, Shift-Dir - straight line, f/p - gnoll shaman
Aim: a gnoll shaman, wielding a +0 club and wearing a +0 leather armour (heavily wounded, chance to affect: 59%)
The gnoll shaman resists with significant effort.
* * * LOW HITPOINT WARNING * * *
Unknown command.
The gnoll hits you with a +0 club.
* * * LOW HITPOINT WARNING * * *
The gnoll shaman calls down the wrath of its god upon you.
You easily resist.
Okay, then.
Okay, then.
As you read the scroll labelled ZIENUU DEKHLOUDGH, it crumbles to dust.
A profound silence engulfs you.
It was a scroll of silence.
The gnoll stops moving altogether!
The gnoll shaman hits you with a +0 club.
* * * LOW HITPOINT WARNING * * *
The gnoll hits you with a +0 whip.
You die...

. ###### .. .....# ...
...... .... ##....##
.....#......## ....
........##...## .....
........#g....###
.....
......)..g@.....# ....
.........#g#...### ..#
..#......##.###.#
..##..##....##...## .#
# ...##....##.....##.#
##.........+...♣.....#
#..........###...#####
....# #... #.).# ...##
##.# #)>)#


You could see a gnoll shaman and 2 gnolls.

Vanquished Creatures
  Sigmund (D:4)
  Menkaure (D:4)
  Edmund (D:4)
  A black bear (D:5)
  A howler monkey (D:4)
  A jelly (D:4)
  2 hounds
  Terence (D:3)
  Natasha (D:3)
  2 iguanas (D:4)
  7 gnolls
  5 adders
  2 worms
  5 dart slugs
  10 orcs
  2 ball pythons
  4 bats (D:1)
  7 endoplasms
  3 hobgoblins
  A quokka (D:1)
  A frilled lizard (D:3)
  10 goblins
  8 kobolds
  5 rats
82 creatures vanquished.

Notes
Turn   | Place    | Note
-------+----------+-------------------------------------------
     0 | D:1      | Bruhh the Djinni Earth Elementalist began the quest for the
                  | Orb.
     0 | D:1      | Reached XP level 1. HP: 15/15 MP: 0/0
   189 | D:1      | Found Afigutsi's Jewellery Shoppe.
   421 | D:1      | Reached XP level 2. HP: 11/21 MP: 0/0
   659 | D:1      | Reached skill level 3 in Spellcasting
   884 | D:1      | Reached XP level 3. HP: 21/25 MP: 0/0
   884 | D:1      | Learned a level 1 spell: Sting
  1014 | D:1      | Found a faded altar of an unknown god.
  1977 | D:2      | Reached XP level 4. HP: 30/31 MP: 0/0
  2526 | D:3      | Reached skill level 4 in Spellcasting
  2527 | D:3      | Reached XP level 5. HP: 33/35 MP: 0/0
  2527 | D:3      | Learned a level 2 spell: Ensorcelled Hibernation
  2882 | D:3      | Noticed Terence
  2891 | D:3      | Killed Terence
  3235 | D:3      | Noticed Natasha
  3241 | D:3      | Killed Natasha
  3242 | D:3      | Reached XP level 6. HP: 30/40 MP: 0/0
  3522 | D:4      | Noticed Menkaure
  3526 | D:4      | Killed Menkaure
  3527 | D:4      | Reached skill level 5 in Spellcasting
  3884 | D:4      | Identified the +2 leather armour of Qayghe {rElec rC+ MP+9}
  4031 | D:4      | Reached XP level 7. HP: 30/45 MP: 0/0
  4031 | D:4      | Learned a level 2 spell: Poisonous Vapours
  4288 | D:4      | Noticed Edmund
  4292 | D:4      | Killed Edmund
  4293 | D:4      | Reached skill level 6 in Spellcasting
  4974 | D:4      | Noticed Sigmund
  4983 | D:4      | Gained mutation: You have a pair of small horns on your
                  | head. [potion of mutation]
  4983 | D:4      | Gained mutation: Your spells are a little easier to cast,
                  | but a little less powerful. [potion of mutation]
  4983 | D:4      | Gained mutation: You are occasionally teleported next to
                  | monsters. [potion of mutation]
  4983 | D:4      | Gained mutation: Your mind is acute. (Int +2) [potion of
                  | mutation]
  4988 | D:4      | Killed Sigmund
  4989 | D:4      | Reached XP level 8. HP: 5/50 MP: 0/0
  5339 | D:5      | Entered Level 5 of the Dungeon
  5403 | D:5      | Reached skill level 7 in Spellcasting
  5746 | D:5      | HP: 1/50 [gnoll shaman/+0 club (3)]
  5746 | D:5      | Slain by a gnoll

Illustrated notes

Levels and vault maps discovered:
D:1:      dpeg_arrival_orchard, layout_loops_ring,
          hellmonk_ecumenical_altar_run_dry, serial_shops,
          nicolae_shop_behind_doors, nicolae_wormholes
D:2:      layout_basic, roderic_filled_cross
D:3:      layout_loops_ring, uniq_terence, uniq_natasha
D:4:      cheibrodos_helix_gallery, layout_layer_cave,
          hangedman_decor_peaks_small, uniq_sigmund, uniq_edmund, uniq_menkaure
D:5:      layout_cave_pools, grunt_ministairs_15, chequers_serial_rivers_room_a

Skill      XL: |  1  2  3  4  5  6  7  8 |
---------------+-------------------------+-----
Spellcasting   | 3 4 5 6 7 |  7.3
Dodging        | |  2.1
Stealth        | |  1.5

Action                   |  1- 3 |  4- 6 |  7- 9 || total
-------------------------+-------+-------+-------++-------
Melee: Unarmed           |    10 |     3 |       ||    13
       Punch             |     1 |       |       ||     1
       Dagger            |       |     4 |     2 ||     6
 Cast: Sandblast         |    37 |    35 |       ||    72
       Ensorcelled Hiber |       |     3 |     1 ||     4
       Sting             |       |     2 |       ||     2
       Stone Arrow       |       |    19 |    38 ||    57
       Poisonous Vapours |       |       |     1 ||     1
       Petrify           |       |       |     1 ||     1
  Use: Potion            |       |       |     5 ||     5
       Scroll            |       |       |     5 ||     5
 Stab: Sleeping          |       |     1 |       ||     1
Armor: Robe              |     6 |     2 |       ||     8
       Leather armour    |       |     1 |    11 ||    12
Dodge: Dodged            |     9 |    19 |    17 ||    45

Table legend: (Time is in decaauts)
 A = Elapsed time spent in this place.
 B = Non-inter-level travel time spent in this place.
 C = Inter-level travel time spent in this place.
 D = Time resting spent in this place.
 E = Time spent auto-exploring this place.
 F = Levels seen in this place.
 G = Mean time per level.
                   A        B        C        D        E       F      G
               +--------+--------+--------+--------+--------+-----+--------+
         Total |   5744 |   5661 |     83 |      0 |   4988 |   5 | 1148.8 |
       Dungeon |   5744 |   5661 |     83 |      0 |   4988 |   5 | 1148.8 |
               +--------+--------+--------+--------+--------+-----+--------+

Top non-repeatable levels by time:
     D:4: 1816 daAuts
     D:3: 1458 daAuts
     D:1: 1338 daAuts
     D:2: 724 daAuts
     D:5: 406 daAuts
